 Dungeon Sprint DCSS version 0.31.0-9-g3a7656b989 (webtiles) character file.

Game seed: 6480382277966437981

21837 Heoruswealwe the Phalangite (level 12, -10/132 HPs)
             Began as a Minotaur Fighter on Feb 1, 2024.
             Was an Initiate of Gozag.
             Mangled by a cyan very ugly thing (19 damage)
             ... in the Dungeon (Sprint IX: "|||||||||||||||||||||||||||||").
             The game lasted 00:22:19 (2676 turns).

Heoruswealwe the Phalangite (Minotaur Fighter)      Turns: 2676, Time: 00:22:19

Health: -10/132    AC: 30    Str: 29    XL:     12   Next: 57%
Magic:  11/11      EV:  9    Int:  9    God:    Gozag
Gold:   721        SH:  0    Dex: 10    Spells: 11/11 levels left

rFire   . . .        b - +2 halberd (freeze)
rCold   . . .        (shield currently unavailable)
rNeg    . . .        c - +2 plate armour
rPois   +            (helmet restricted)
rElec   .            h - +2 cloak {rCorr}
rCorr   +            f - +1 pair of gloves
SInv    .            e - +1 pair of boots {Stlth+}
Will    .....        i - amulet of regeneration Stlth
                     k - +3 ring of strength
HPRegen 1.22/turn    j - ring "Fegu" {rPois rCorr Int+4 Stlth-}
MPRegen 0.12/turn

%: no teleportation
@: no status effects
A: horns 2, retaliatory headbutt
a: Renounce Religion, Potion Petition, Call Merchant, Bribe Branch


You were in the Dungeon.
You worshipped Gozag.
Gozag was pleased with you.
You visited 1 branch You collected 8074 gold pieces.
You spent 2660 gold pieces at shops.
You paid 4693 gold pieces to Gozag.

Inventory:

Hand Weapons
 a - a +0 antimagic trident
 b - a +2 halberd of freezing (weapon)
 A - the +7 great mace "Undeadhunter" {deathbane, rN+}
   (You bought it in a shop in the Dungeon)

   rN+:       It protects you from negative energy.
Armour
 c - a +2 plate armour (worn)
 d - a +1 tower shield
 e - a +1 pair of boots of stealth (worn)
 f - a +1 pair of gloves (worn)
 h - a +2 cloak of preservation (worn)
Jewellery
 i - an amulet of regeneration (around neck)
 j - the ring "Fegu" (right hand) {rPois rCorr Int+4 Stlth-}
   (You bought it in a shop in the Dungeon)

   [ring of resist corrosion]

   Int+4:     It affects your intelligence (+4).
   rPois:     It protects you from poison rCorr: It protects you from acid and
   corrosion.
   Stlth-:    It makes you less stealthy.
 k - a +3 ring of strength (left hand)
Wands
 l - a wand of iceblast (14)
Scrolls
 o - 7 scrolls of enchant weapon
 q - 7 scrolls of identify
 r - 4 scrolls of enchant armour
 s - 2 scrolls of blinking
Potions
 m - a potion of might
 n - a potion of mutation
 t - a potion of curing
 u - 2 potions of berserk rage
Miscellaneous
 p - a phantom mirror


   Skills:
 + Level 19.9 Fighting
 * Level 26.6 Polearms
 + Level 19.8 Armour
 - Level 3.6 Shields


You had 11 spell levels left.
You didn't know any spells.
Your spell library was empty.

Dungeon Overview and Level Annotations

Branches:
Dungeon (1/1)

Altars:
Cheibriados
Dithmenos
Elyvilon
Fedhas
Gozag
Hepliaklqana
Kikubaaqudgha
Makhleb
Nemelex Xobeh
Okawaru
Qazlal
Ru
Sif Muna
Trog
Uskayaw
Vehumet
Wu Jian
Xom
Yredelemnul
Zin
The Shining One
Jiyva
Lugonu

Shops:
D (((*(*[==


Innate Abilities, Weirdness & Mutations

You have a pair of horns on your head.
You reflexively headbutt those who attack you in melee.


Message History

You kill the rakshasa!
You feel better. The fire dragon breathes flames at you.
The blast of flame hits you!
* * * LOW HITPOINT WARNING * * *
You feel better.
You hit the fire dragon but do no damage.
The fire dragon bites you.
The fire dragon claws you but does no damage.
The fire dragon tramples you but does no damage.
You hit the fire dragon but do no damage.
You headbutt the fire dragon.
The fire dragon is lightly wounded.
The fire dragon bites you but does no damage.
The fire dragon barely misses you.
The fire dragon tramples you but does no damage.
You hit the fire dragon. You freeze the fire dragon.
The fire dragon is lightly wounded.
The fire dragon bites you.
The fire dragon claws you but does no damage.
The fire dragon completely misses you.
You puncture the fire dragon! You freeze the fire dragon.
You headbutt the fire dragon.
The fire dragon is moderately wounded.
You hit the fire dragon. You freeze the fire dragon.
The fire dragon is moderately wounded.
You slice the cyan very ugly thing!! You freeze the cyan very ugly thing.
The cyan very ugly thing is moderately wounded.
You barely miss the cyan very ugly thing.
The cyan very ugly thing is moderately wounded.
The cyan very ugly thing tail-slaps you!
* * * LOW HITPOINT WARNING * * *
The cyan very ugly thing shocks you!!
* * * LOW HITPOINT WARNING * * *
You feel better.
The cyan very ugly thing tail-slaps you!
* * * LOW HITPOINT WARNING * * *
The cyan very ugly thing shocks you!!
You die...
Your body crumbles into a pile of gold.

▓▓▓▓▓▓▓▓▓▓▓▓▓▓▓▓▓▓▓▓▓▓▓▓
....CDu@$$.....!??.[[[[[
▓▓▓▓▓▓▓▓▓▓▓▓▓▓▓▓▓▓▓▓▓▓▓▓▓▓▓▓▓▓▓▓▓
.....................)...........
▓▓▓▓▓▓▓▓▓▓▓▓▓▓▓▓▓▓▓▓▓▓▓▓▓▓▓▓▓▓▓▓▓
.'.∩.∩.∩.∩.∩.∩...[['............)
▓▓▓▓▓▓▓▓▓▓▓▓▓▓▓▓▓▓▓▓▓▓▓▓▓▓▓▓▓▓▓▓▓
.................................
▓▓▓▓▓▓▓▓▓▓▓▓▓▓▓▓▓▓▓▓▓▓▓▓▓▓▓▓▓▓▓▓▓
[....'.!((........'.........'....


You could see a cyan very ugly thing, a fire dragon and an ettin.

Vanquished Creatures
  2 stone giants (D)
  Josephine (D)
  A fire dragon (D)
  Erolcha (D)
  A rakshasa (D)
  A centaur warrior (D)
  A death yak (D)
  A boulder beetle (D)
  3 orc high priests (D)
  2 lindwurms (D)
  13 orc knights (D)
  An ugly thing (D)
  2 manticores (D)
  A cyclops (D)
  2 cane toads (D)
  A rime drake (D)
  A komodo dragon (D)
  2 efreet (D)
  4 tyrant leeches (D)
  A blink frog (D)
  2 slime creatures (D)
  A shadow (D)
  2 wyverns (D)
  4 wraiths (D)
  3 yaks (D)
  An acid dragon (D)
  3 water moccasins (D)
  7 orc warriors (D)
  2 laughing skulls (D)
  3 wolves (D)
  A centaur (D)
  2 bullfrogs (D)
  A scorpion (D)
  A howler monkey (D)
  2 orc priests (D)
  6 orc wizards (D)
  2 adders (D)
  3 ribbon worms (D)
  8 orcs (D)
  A goblin (D)
  2 hobgoblins (D)
  A ball python (D)
  A rat (D)
101 creatures vanquished.

Vanquished Creatures (others)
  An ogre mage (D)
  A manticore (D)
2 creatures vanquished.

Grand Total: 103 creatures vanquished

Notes
Turn   | Place    | Note
-------+----------+-------------------------------------------
     0 | D        | Heoruswealwe the Minotaur Fighter began the quest for the
                  | Orb.
     0 | D        | Reached XP level 1. HP: 19/19 MP: 0/0
    11 | D        | Reached skill level 3 in Polearms
    24 | D        | Noticed a centaur
    24 | D        | Noticed a scorpion
    24 | D        | Noticed a howler monkey
    27 | D        | Killed a howler monkey
    28 | D        | Reached skill level 5 in Fighting
    28 | D        | Reached skill level 6 in Polearms
    28 | D        | Reached skill level 5 in Armour
    28 | D        | Reached XP level 2. HP: 29/29 MP: 1/1
    28 | D        | Reached XP level 3. HP: 36/36 MP: 2/2
    31 | D        | Killed a scorpion
    32 | D        | Reached skill level 8 in Polearms
    32 | D        | Reached XP level 4. HP: 43/45 MP: 3/3
    35 | D        | Killed a centaur
    36 | D        | Reached skill level 9 in Polearms
    36 | D        | Reached XP level 5. HP: 44/52 MP: 4/4
    43 | D        | Found a snail-covered altar of Cheibriados.
    43 | D        | Found a shadowy altar of Dithmenos.
    43 | D        | Found a white marble altar of Elyvilon.
    43 | D        | Found a blossoming altar of Fedhas.
    43 | D        | Found an opulent altar of Gozag.
    44 | D        | Found a hazy altar of Hepliaklqana.
    45 | D        | Found a viscous altar of Jiyva.
    46 | D        | Found an ancient bone altar of Kikubaaqudgha.
    47 | D        | Found a corrupted altar of Lugonu.
    48 | D        | Found a burning altar of Makhleb.
    49 | D        | Found a sparkling altar of Nemelex Xobeh.
    50 | D        | Found an iron altar of Okawaru.
    51 | D        | Became a worshipper of Gozag Ym Sagoz the Greedy
    52 | D        | Found a stormy altar of Qazlal.
    53 | D        | Found a sacrificial altar of Ru.
    54 | D        | Found a shimmering blue altar of Sif Muna.
    55 | D        | Found a bloodstained altar of Trog.
    56 | D        | Found a hide-covered altar of Uskayaw.
    57 | D        | Found a radiant altar of Vehumet.
    58 | D        | Found an ornate altar of the Wu Jian Council.
    59 | D        | Found a shimmering altar of Xom.
    60 | D        | Found a basalt altar of Yredelemnul.
    61 | D        | Found a glowing silver altar of Zin.
    62 | D        | Found a glowing golden altar of the Shining One.
   121 | D        | Noticed a shadow
   121 | D        | Noticed an orc warrior
   121 | D        | Noticed a wyvern
   121 | D        | Noticed a wraith
   121 | D        | Noticed an acid dragon
   121 | D        | Noticed a yak
   124 | D        | Killed a yak
   125 | D        | Reached skill level 11 in Polearms
   125 | D        | Reached XP level 6. HP: 40/62 MP: 5/5
   127 | D        | Killed an acid dragon
   128 | D        | Reached skill level 12 in Polearms
   133 | D        | Killed a wraith
   134 | D        | Reached skill level 10 in Fighting
   134 | D        | Reached skill level 13 in Polearms
   134 | D        | Reached skill level 10 in Armour
   134 | D        | Reached XP level 7. HP: 28/72 MP: 6/6
   135 | D        | Killed a wyvern
   142 | D        | Reached skill level 14 in Polearms
   143 | D        | Killed a shadow
   297 | D        | Noticed a slime creature
   297 | D        | Noticed a cyclops
   297 | D        | Noticed a manticore
   297 | D        | Noticed a manticore
   297 | D        | Noticed a slime creature
   297 | D        | Noticed a boulder beetle
   312 | D        | Killed a boulder beetle
   313 | D        | Reached skill level 16 in Polearms
   313 | D        | Reached XP level 8. HP: 14/83 MP: 7/7
   526 | D        | Killed a manticore
   531 | D        | Killed a slime creature
   532 | D        | Reached skill level 17 in Polearms
   532 | D        | Reached XP level 9. HP: 68/92 MP: 8/8
   533 | D        | Killed a manticore
   538 | D        | Reached skill level 18 in Polearms
   546 | D        | Killed a cyclops
   759 | D        | Noticed a rime drake
   779 | D        | Reached skill level 19 in Polearms
   782 | D        | Noticed a komodo dragon
   792 | D        | Killed a rime drake
   793 | D        | Reached XP level 10. HP: 99/104 MP: 9/9
   806 | D        | Noticed a lindwurm
   806 | D        | Noticed a cane toad
   812 | D        | Killed a cane toad
   812 | D        | Noticed a cane toad
   813 | D        | Reached skill level 20 in Polearms
   813 | D        | Noticed a death yak
   816 | D        | Killed a lindwurm
   817 | D        | Reached skill level 15 in Fighting
   817 | D        | Reached skill level 15 in Armour
   834 | D        | Killed a death yak
   840 | D        | Killed a cane toad
   841 | D        | Reached skill level 21 in Polearms
   908 | D        | Noticed a lindwurm
   938 | D        | Killed a lindwurm
  1271 | D        | Noticed Erolcha
  1279 | D        | Killed Erolcha
  1280 | D        | Reached skill level 22 in Polearms
  1280 | D        | Reached XP level 11. HP: 87/115 MP: 10/10
  1502 | D        | Noticed an orc knight
  1502 | D        | Noticed an orc knight
  1526 | D        | Killed an orc knight
  1528 | D        | Killed an orc knight
  1550 | D        | Noticed an orc knight
  1577 | D        | Killed an orc knight
  1578 | D        | Reached skill level 23 in Polearms
  1777 | D        | Found Jyazaup's Jewellery Boutique.
  1777 | D        | Noticed an orc knight
  1777 | D        | Noticed an orc knight
  1777 | D        | Noticed an orc high priest
  1777 | D        | Noticed an orc knight
  1777 | D        | Noticed an orc high priest
  1778 | D        | Noticed an orc knight
  1780 | D        | Killed an orc high priest
  1784 | D        | Killed an orc knight
  1786 | D        | Noticed an orc knight
  1789 | D        | Killed an orc high priest
  1791 | D        | Noticed an orc knight
  1794 | D        | Killed an orc knight
  1794 | D        | Noticed an orc high priest
  1803 | D        | Noticed an orc knight
  1809 | D        | Killed an orc knight
  1817 | D        | Noticed a sun demon
  1824 | D        | Killed an orc knight
  1825 | D        | Reached skill level 24 in Polearms
  1828 | D        | Killed an orc knight
  1830 | D        | Found Gostopif's Jewellery Shop.
  1842 | D        | Killed an orc knight
  1847 | D        | Killed an orc high priest
  1852 | D        | Killed an orc knight
  1868 | D        | Noticed an orc knight
  1886 | D        | Killed an orc knight
  1887 | D        | Reached XP level 12. HP: 24/128 MP: 7/11
  2145 | D        | Found Qoch's Antique Armour Boutique.
  2149 | D        | Found Itaoq's General Store.
  2181 | D        | Reached skill level 25 in Polearms
  2243 | D        | Bought a glowing cloak for 187 gold pieces
  2274 | D        | Bought a scroll of identify for 24 gold pieces
  2274 | D        | Bought a scroll of identify for 24 gold pieces
  2274 | D        | Bought a potion of heal wounds for 60 gold pieces
  2280 | D        | Bought a scroll of identify for 28 gold pieces
  2280 | D        | Bought a scroll of identify for 28 gold pieces
  2280 | D        | Bought the ring "Fegu" {rPois rCorr Int+4 Stlth-} for 534
                  | gold pieces
  2288 | D        | Bought the +7 great mace "Undeadhunter" {deathbane, rN+}
                  | for 1475 gold pieces
  2288 | D        | Found the +7 great mace "Undeadhunter" {deathbane, rN+}
  2316 | D        | Bought an amulet of regeneration for 300 gold pieces
  2368 | D        | Noticed Josephine
  2380 | D        | Killed Josephine
  2588 | D        | Noticed a centaur warrior
  2601 | D        | Killed a centaur warrior
  2609 | D        | Noticed an ogre mage
  2614 | D        | Noticed a fire dragon
  2618 | D        | Noticed a stone giant
  2622 | D        | Paralysed by something for 2 turns
  2623 | D        | Killed an ogre mage
  2632 | D        | Noticed a rakshasa
  2640 | D        | Killed a fire dragon
  2641 | D        | Reached skill level 26 in Polearms
  2641 | D        | Noticed a stone giant
  2648 | D        | Killed a stone giant
  2656 | D        | Noticed a fire dragon
  2659 | D        | Noticed an ettin
  2662 | D        | Noticed a cyan very ugly thing
  2662 | D        | Killed a stone giant
  2666 | D        | Killed a rakshasa
  2676 | D        | Mangled by a cyan very ugly thing

Illustrated notes

Levels and vault maps discovered:
D:        linesprint [early_d, line_temple, items_1, d_10, items_2, lair_1,
          lair_end, items_3, orc_1, orc_end, items_4, d_15, swamp_1, shoals_1,
          snake_1, spider_1, d_20, vaults_1, items_5, swamp_end, shoals_end,
          snake_end, spider_end, vaults_end, d_27, items_6, zot_1, zot_end,
          crypt_end, forest_end, elf_end, slime_end, tomb_end, abyss_end,
          pan_hell_end]

Skill      XL: |  1  2  3  4  5  6  7  8  9 10 11 12 |
---------------+-------------------------------------+-----
Polearms       | 6 8 9 11 13 16 17 19 22 24 26 | 26.6
Fighting       | 5 6 7 8 10 12 14 16 18 19 | 19.9
Armour         | 5 6 7 8 10 12 14 16 18 19 | 19.8
Shields        | |  3.6

Action                     |  1- 3 |  4- 6 |  7- 9 | 10-12 || total
---------------------------+-------+-------+-------+-------++-------
  Melee: Trident           |    19 |     5 |       |       ||    24
         Headbutt          |     1 |     3 |    16 |    52 ||    72
         Halberd           |       |    12 |    67 |   260 ||   339
 Invoke: Call Merchant     |       |       |       |     5 ||     5
    Use: Potion            |       |       |     1 |    16 ||    17
   Stab: Distracted        |       |       |     2 |     2 ||     4
 Armour: Scale mail        |    13 |     4 |       |       ||    17
         Chain mail        |       |     5 |     8 |       ||    13
         Plate armour      |       |       |    26 |   172 ||   198
  Dodge: Dodged            |     4 |     4 |    15 |    56 ||    79
  Block: Buckler           |     4 |     3 |       |       ||     7
